 Dungeon Crawl Stone Soup version 0.18.1-1-g2f07953 (webtiles) character file.

41 GFox the Magician (level 3, 0/19 HPs)
             Began as a Deep Elf Wizard on May 8, 2016.
             Slain by Ijyb (4 damage)
             ... on level 2 of the Dungeon.
             The game lasted 00:15:41 (1555 turns).

GFox the Magician (Deep Elf Wizard)                 Turns: 1555, Time: 00:15:44

Health: 0/19       AC:  2    Str:  4    XL:     3   Next: 32%
Magic:  0/12       EV: 13    Int: 23    God:
Gold:   122        SH:  0    Dex: 13    Spells: 6 memorised, 0 levels left

rFire  . . .     SeeInvis .     f - +0 dagger (speed)
rCold  . . .     Gourm    .     a - +0 robe
rNeg   . . .     Faith    .     (no shield)
rPois  .         Spirit   .     b - +0 hat
rElec  .         Dismiss  .     (no cloak)
rCorr  .         Reflect  .     (no gloves)
SustAt .         Harm     .     (no boots)
MR     .....                    (no amulet)
Stlth  ++........               (no ring)
                                (no ring)

@: flying, very slightly contaminated, not resistant to hostile enchantments,
unstealthy
A: no striking features
a: no special abilities


You were on level 2 of the Dungeon.
You were not hungry.

You visited 1 branch of the dungeon, and saw 2 of its levels.

You collected 122 gold pieces.

Inventory:

Hand Weapons
 f - a +0 dagger of speed (weapon)
Armour
 a - a +0 robe (worn)
 b - a +0 hat (worn)
Scrolls
 e - a scroll of identify {unknown}
 i - 2 scrolls of amnesia
 j - a scroll of teleportation
Potions
 h - a potion of degeneration {unknown}
Books
 c - a book of Minor Magic

   Spells                             Type                      Level
   a - Magic Dart                     Conjuration                  1
   b - Blink                          Translocation                2
   c - Call Imp                       Summoning                    2
   d - Repel Missiles                 Charms/Air                   2
   e - Slow                           Hexes                        2
   f - Conjure Flame                  Conjuration/Fire             3
   g - Mephitic Cloud                 Conjuration/Poison/Air       3
Comestibles
 d - 2 bread rations


   Skills:
 + Level 0.1 Fighting
 + Level 3.0 Dodging
 + Level 2.4 Stealth
 + Level 5.5 Spellcasting
 + Level 1.4 Conjurations
 + Level 1.2 Summonings
 + Level 1.1 Translocations


You couldn't memorise any spells.
You knew the following spells:

 Your Spells              Type           Power        Failure   Level  Hunger
a - Magic Dart            Conj           ##..         6%          1    None
b - Call Imp              Summ           ##......     10%         2    None
c - Repel Missiles        Chrm/Air       #.....       17%         2    None
d - Mephitic Cloud        Conj/Pois/Air  #.......     24%         3    ##.....
e - Conjure Flame         Conj/Fire      #.......     21%         3    ##.....
f - Blink                 Tloc           N/A          12%         2    None


Dungeon Overview and Level Annotations

Branches:
Dungeon (2/15)

Altars:

Annotations:
D:2 Ijyb


Message History

Aiming: Magic Dart
Press: ? - help, Shift-Dir - straight line, f/p - Ijyb
Aim: Ijyb, wearing a leather armour (moderately wounded)
The magic dart hits Ijyb.
Ijyb is moderately wounded.
Your crimson imp blinks!
The rat bites you.
Your crimson imp closely misses the rat.
The giant cockroach bites you.
Your crimson imp closely misses Ijyb.
Ijyb hits you.
* * * LOW HITPOINT WARNING * * *
Drink which item? (? for menu, Esc to quit)
It was a potion of flight.
You feel very buoyant.
You fly up into the air.
The rat barely misses you.
Your crimson imp blinks!
The giant cockroach waves its antennae.
The giant cockroach barely misses you.
Your crimson imp barely misses Ijyb.
Ijyb hits you.
You die...

..........#
..........#
..........#
..........##########
.........5##.......#
................>..#
####..######...§...#
##.##.....†5rs..#
#.##......§g@..#
#..#...........#
##.#.......5...#
.#..†...##(###
.#......##.#
.%......##.#
#....)####.# #.....
#+#


You could see Ijyb, a giant cockroach, a rat and 3 friendly crimson imps.

Vanquished Creatures
  An ooze (D:1)
  A dart slug (D:1)
  A giant gecko (D:1)
  5 bats (D:1)
  4 giant cockroaches (D:1)
  7 goblins (D:1)
  2 hobgoblins (D:1)
  A giant newt (D:1)
  5 kobolds (D:1)
  3 rats
30 creatures vanquished.

Vanquished Creatures (collateral kills)
  A worm (D:1)
  A kobold (D:2)
  A rat (D:2)
3 creatures vanquished.

Grand Total: 33 creatures vanquished

Notes
Turn   | Place    | Note
--------------------------------------------------------------
     0 | D:1      | GFox the Deep Elf Wizard began the quest for the Orb.
     0 | D:1      | Reached XP level 1. HP: 10/10 MP: 7/7
   165 | D:1      | Reached XP level 2. HP: 14/15 MP: 0/9
   284 | D:1      | Reached skill level 5 in Spellcasting
   865 | D:1      | Reached XP level 3. HP: 18/19 MP: 3/12
  1291 | D:1      | Learned a level 1 spell: Magic Dart
  1294 | D:1      | Learned a level 2 spell: Call Imp
  1358 | D:1      | Learned a level 2 spell: Repel Missiles
  1362 | D:1      | Learned a level 3 spell: Mephitic Cloud
  1366 | D:1      | Learned a level 3 spell: Conjure Flame
  1369 | D:1      | Learned a level 2 spell: Blink
  1536 | D:2      | Noticed Ijyb
  1555 | D:2      | Slain by Ijyb

Skill      XL: |  1  2  3 |
---------------+----------+-----
Spellcasting   | 5 |  5.5
Dodging        | 3 |  3.0
Fighting       | |  0.1
Stealth        | |  2.4
Conjurations   | |  1.4
Summonings     | |  1.2
Translocations | |  1.1

Action                   || total
-------------------------++-------
Melee: Unarmed           ||    10
       Dagger            ||     7
 Cast: Magic Dart        ||    76
       Call Imp          ||     8
  Use: Scroll            ||     3
       Potion            ||     1
  Eat: Bread ration      ||     1
       Chunk             ||     1
Armor: Robe              ||     8
Dodge: Dodged            ||    35
